Map: Orbital Shipyard

Players

LilDicky - Winner!

  • Race: Protoss Protoss
  • League: Diamond

PossDaddy

  • Race: Zerg Zerg
  • League: Gold

VOD

http://www.twitch.tv/tumescentpie

Description

Time

  • Played on: Jan. 5, 2016, 12:45 a.m.
  • Length: 12:37
Show
View Real Time Build Order
Export as new Build Order

LilDicky Protoss - Winner!

Build Orders: Cannon Rush 

Get SALT Encoding   

  12  0:05  Probe (Chrono Boost)  
  13  0:15  Probe (Chrono Boost)  
  13  0:18  Pylon  
  14  0:26  Probe (Chrono Boost)  
  15  0:42  Forge  
  15  0:48  Probe (Chrono Boost)  
  16  1:06  Pylon  
  16  1:13  Pylon  
  16  1:15  Probe (Chrono Boost)  
  17  1:21  Photon Cannon  
  17  1:26  Probe (Chrono Boost)  
  17  1:32  Pylon  
  18  1:38  Photon Cannon  
  18  1:45  Photon Cannon  
  18  1:48  Probe (Chrono Boost)  
  19  1:59  Photon Cannon  
  19  2:05  Pylon  
  19  2:13  Probe (Chrono Boost)  
  20  2:17  Photon Cannon  
  20  2:48  Nexus  
  20  2:49  Pylon  
  20  2:57  Gateway  
  20  2:58  Assimilator  
  20  3:05  Probe (Chrono Boost), Pylon  
  20  3:24  Probe (Chrono Boost)  
  20  3:34  Probe (Chrono Boost)  
  20  3:41  Photon Cannon  
  21  3:45  Probe (Chrono Boost)  
  22  3:51  Cybernetics Core  
  22  3:54  Zealot  
  24  3:56  Probe (Chrono Boost)  
  24  4:02  Pylon  
  25  4:05  Assimilator  
  25  4:06  Probe (Chrono Boost)  
  25  4:09  Pylon  
  26  4:13  Probe (Chrono Boost)  
  27  4:18  Probe (Chrono Boost)  
  28  4:27  Warp Gate (Chrono Boost)  
  28  4:28  Probe (Chrono Boost)  
  29  4:34  Mothership Core (Chrono Boost)  
  31  4:42  Photon Cannon  
  31  4:44  Gateway  
  31  4:56  Gateway  
  31  4:58  Probe (Chrono Boost)  
  32  5:03  Probe (Chrono Boost)  
  33  5:09  Pylon  
  33  5:17  Gateway  
  33  5:20  Gateway  
  33  5:24  Gateway  
  33  5:28  Protoss Ground Weapons Level 1 (Chrono Boost)  
  33  5:38  Probe  
  33  5:40  Probe  
  35  5:44  Pylon  
  35  6:21  Gateway  
  35  6:22  Pylon  
  35  6:30  Probe x2  
  37  6:35  Adept, Assimilator  
  37  6:36  Adept x5  
  37  6:39  Assimilator  
  49  6:42  Probe  
  50  6:53  Probe, Pylon  
  51  6:54  Probe  
  51  7:00  Adept  
  51  7:01  Adept x4  
  58  7:02  Adept  
  62  8:02  Adept x2  
  62  8:03  Adept x2  
  65  8:07  Photon Cannon  
  65  8:11  Pylon  
  60  8:13  Pylon x2  
  60  8:16  Pylon  
  53  8:38  Photon Cannon  
  53  8:40  Photon Cannon  
  53  8:42  Photon Cannon  
  53  8:43  Cybernetics Core  
  47  9:00  Zealot x2  
  47  9:01  Zealot x2  
  50  9:17  Nexus  
  39  10:29  Probe  
  18  11:05  Probe  
  18  11:49  Pylon  
Show
View Real Time Build Order
Export as new Build Order

PossDaddy Zerg 

Build Orders: Hatch First 

Get SALT Encoding   

  12  0:01  Drone  
  13  0:08  Drone  
  14  0:17  Overlord  
  14  0:42  Hatchery  
  13  0:45  Drone  
  13  0:49  Drone  
  15  0:53  Drone  
  15  0:57  Drone  
  17  1:07  Drone  
  18  1:20  Drone, Spawning Pool  
  18  1:23  Extractor  
  17  1:30  Drone  
  18  1:42  Drone  
  19  1:50  Overlord  
  19  1:58  Drone  
  20  2:03  Hatchery  
  19  2:15  Zergling x4  
  20  2:16  Zergling x2  
  22  2:29  Zergling x2  
  23  2:30  Zergling x4  
  25  2:39  Zergling x4  
  27  2:54  Queen  
  29  3:00  Zergling x2  
  29  3:04  Overlord  
  30  3:17  Zergling x4  
  29  3:31  Drone x3  
  32  3:34  Queen  
  34  3:45  Drone x2  
  36  3:54  Drone x2  
  38  4:03  Lair, Roach Warren, Metabolic Boost  
  38  4:07  Drone x3  
  38  4:08  Drone  
  41  4:22  Drone  
  41  4:23  Drone  
  41  4:24  Overlord  
  43  4:26  Overlord  
  43  4:49  Evolution Chamber, Drone x2  
  43  4:50  Drone x6  
  43  4:51  Evolution Chamber  
  49  4:53  Overlord  
  49  4:56  Overlord  
  49  5:06  Drone  
  50  5:07  Drone x2  
  52  5:25  Glial Reconstitution  
  52  5:27  Roach  
  52  5:28  Roach x3  
  60  5:34  Roach, Extractor  
  61  5:36  Extractor  
  61  5:37  Extractor  
  59  5:47  Roach  
  59  5:48  Roach x6  
  73  5:59  Roach  
  75  6:12  Overlord x3  
  75  6:15  Zerg Missile Weapons Level 1  
  75  6:23  Zerg Ground Armor Level 1  
  75  6:30  Roach  
  77  6:41  Roach x5  
  77  6:42  Roach  
  77  6:43  Roach  
  77  6:45  Roach  
  93  6:52  Roach  
  97  6:54  Roach  
  97  7:01  Roach  
  99  7:07  Overlord x4  
  99  7:13  Spire  
  84  7:37  Spine Crawler  
  84  7:38  Spine Crawler  
  84  7:39  Spine Crawler  
  84  7:40  Roach x3  
  65  7:59  Roach  
Tags
 
Add a new tag
Caveats
  • Supply blocks, unpowered buildings, or Contaminate may cause inaccurate times.
  • Supply counts are checked every 10 seconds.